 Dungeon Crawl Stone Soup version 0.30-a0-760-g5a9884bb7c (webtiles) character file.

Game seed: 6864284367792082295

1979 Aneyh the Fighter (level 9, -12/62 HPs)
             Began as a Tengu Monk on Feb 12, 2023.
             Mangled by a wyvern (13 damage)
             ... on level 6 of the Dungeon.
             The game lasted 00:12:41 (6322 turns).

Aneyh the Fighter (Tengu Monk)                      Turns: 6322, Time: 00:12:42

Health: -12/62     AC:  3    Str: 12    XL:     9   Next: 20%
Magic:  19/19      EV: 16    Int: 11    God:
Gold:   271        SH:  0    Dex: 20    Spells: 6/8 levels left

rFire   . . .      SeeInvis +    b - +0 long sword (flame)
rCold   . . .      Faith    .    (no shield)
rNeg    . . .      Spirit   .    K - +0 robe of Tartarus {SInv}
rPois   .          Reflect  .    (helmet restricted)
rElec   .          Harm     .    (no cloak)
rCorr   .          Rampage  .    v - +0 pair of gloves
Will    .....                    (boots unavailable)
Stlth   ++                       (no amulet)
HPRegen 0.30/turn                k - ring of wizardry
MPRegen 0.16/turn                f - ring of magical power

@: flying quickly and evasively, quick
A: beak, talons 3, nimble flight
a: no special abilities


You were on level 6 of the Dungeon.
You visited 1 branch of the dungeon, and saw 6 of its levels.

You collected 271 gold pieces.

Inventory:

Hand Weapons
 a - a +0 shortbow
 b - a +0 long sword of flaming (weapon)
 t - a +0 falchion
 u - a +0 spear
 z - a +0 hand axe of holy wrath
 B - a +2 dagger of draining
 E - a +0 trident
 F - a +0 halberd
 H - a +3 long sword of protection
Missiles
 j - 5 javelins (quivered)
 r - 4 poisoned darts
Armour
 v - a +0 pair of gloves (worn)
 x - a +0 robe
 K - the +0 robe of Tartarus (worn) {SInv}
   (You found it on level 6 of the Dungeon)

   SInv:      It lets you see invisible.
Jewellery
 e - a ring of protection from cold
 f - a ring of magical power (right hand)
 k - a ring of wizardry (left hand)
 I - a ring of resist corrosion
Wands
 c - a wand of flame (10)
 s - a wand of acid (1)
Scrolls
 g - 2 scrolls of fog {unknown}
 h - a scroll of fear {unknown}
 i - 2 scrolls of summoning {unknown}
 m - 3 scrolls of noise {unknown}
 q - a scroll of magic mapping {unknown}
 y - a scroll of poison {unknown}
 A - a scroll of silence {unknown}
 C - a scroll of identify {unknown}
 G - a scroll of enchant armour {unknown}
Potions
 d - a potion of curing
 l - a potion of flight {unknown}
 n - a potion of heal wounds {unknown}
 o - a potion of degeneration {unknown}
 p - 2 potions of might {unknown}
 w - a potion of lignification {unknown}
 D - a potion of resistance {unknown}
 J - a potion of attraction {unknown}


   Skills:
 + Level 9.7 Fighting
 + Level 7.3 Long Blades
 - Level 2.2 Polearms
 * Level 3.5 Ranged Weapons
 - Level 3.2 Dodging
 - Level 2.0 Stealth
 * Level 0.5 Summonings


You had 6 spell levels left.
You knew the following spells:

 Your Spells              Type           Power      Damage    Failure   Level
a - Call Imp              Summ           1%         N/A       17%         2

Your spell library contained the following spells:

 Spells                   Type           Power      Damage    Failure   Level
 Magic Dart               Conj           0%         1d3       14%         1
 Ensorcelled Hibernation  Hex/Ice        0%         N/A       21%         2
 Mephitic Cloud           Conj/Pois/Air  0%         N/A       38%         3
 Animate Dead             Necr           0%         N/A       77%         4
 Borgnjor's Vile Clutch   Necr/Erth      0%         N/A       98%         5
 Death Channel            Necr           0%         N/A       100%        6


Dungeon Overview and Level Annotations

Branches:
Dungeon (6/15)
 Temple: D:4-7

Altars:
Cheibriados
Sif Muna
Trog
Xom
Zin

Shops:
D:3 *

Annotations:
D:6 Maggie


Innate Abilities, Weirdness & Mutations

You have a beak for a mouth.
You have claws for feet.
Your magical nature lets you fly swiftly and evasively.


Message History

You hit the shadow imp but do no damage.
The shadow imp hits you.
You slash the shadow imp! You burn the shadow imp.
You kill the shadow imp!
No target in view!
Maggie the Vainglorious comes into view.
She is wielding a +0 heavy broad axe.
Maggie shouts!
You hit Maggie but do no damage. Your kick misses Maggie.
Your peck misses Maggie. Maggie gestures at you while chanting.
The bolt of fire misses you.
You closely miss Maggie. You claw Maggie, but do no damage.
Maggie hits you with a +0 heavy broad axe!!
Okay, then.
Okay, then.
Maggie casts a spell at you. The bolt of fire hits you!!
* * * LOW HITPOINT WARNING * * *
You see here a +0 dire flail.
Found a murky white potion.
Found a stone staircase leading down.
A wyvern comes into view.
The wyvern hisses angrily.
You hit the wyvern. You burn the wyvern. You claw the wyvern.
You peck the wyvern, but do no damage.
The wyvern is lightly wounded.
The wyvern barely misses you. The wyvern closely misses you.
You closely miss the wyvern. You claw the wyvern. Your peck misses the wyvern.
The wyvern is moderately wounded.
The wyvern bites you!
* * * LOW HITPOINT WARNING * * *
The wyvern barely misses you.
You hit the wyvern. You burn the wyvern. You claw the wyvern.
The wyvern is heavily wounded.
The wyvern bites you!
* * * LOW HITPOINT WARNING * * *
You hit the wyvern. You burn the wyvern. Your kick misses the wyvern.
You peck the wyvern.
The wyvern is almost dead.
The wyvern bites you!
You die...

.. .##### #..... .....# #....
###....### #... ....##...# #..
.##.##...# #.# ...#.
......<..######.# .....
..#.............#### ....# #
.....#..........@l.# ....# .#
..#.......########.# #l..#...#
......<##.### #.# #.#.#...###
#.........).######.####..........
............))...............>#..
##.............###.####.##...!...
#...^......##.# #.......#.......
...........###.# #..###..#.....##
##########.###.###...............


You could see a wyvern.

Vanquished Creatures
  3 yaks (D:5)
  A water moccasin (D:5)
  An orc warrior (D:4)
  An ice beast (D:5)
  2 centaurs
  An ogre (D:6)
  A necrophage (D:6)
  2 scorpions
  A howler monkey (D:2)
  2 hounds
  5 jellies
  2 orc priests
  A gnoll bouda (D:5)
  4 iguanas
  Ijyb (D:3)
  4 orc wizards
  Robin (D:4)
  9 gnolls
  5 adders
  2 shadow imps (D:6)
  3 worms
  2 dart slugs
  14 orcs
  4 ball pythons
  5 bats
  6 endoplasms
  5 giant cockroaches
  12 goblins
  14 hobgoblins
  2 kobolds
  2 quokkas (D:2)
  3 frilled lizards
  7 rats
128 creatures vanquished.

Notes
Turn   | Place    | Note
-------+----------+-------------------------------------------
     0 | D:1      | Aneyh the Tengu Monk began the quest for the Orb.
     0 | D:1      | Reached XP level 1. HP: 14/14 MP: 2/2
   137 | D:1      | Reached XP level 2. HP: 19/19 MP: 3/3
   829 | D:2      | Reached skill level 4 in Fighting
   934 | D:2      | Reached XP level 3. HP: 23/24 MP: 4/4
  1051 | D:2      | Reached XP level 4. HP: 24/30 MP: 5/5
  1087 | D:2      | Reached skill level 5 in Fighting
  1375 | D:2      | Found a faded altar of an unknown god.
  1461 | D:2      | Gained mutation: Your magical nature lets you fly swiftly
                  | and evasively. [Tengu growth]
  1461 | D:2      | Reached XP level 5. HP: 35/35 MP: 6/6
  1822 | D:3      | Found a glowing silver altar of Zin.
  1826 | D:3      | Found Zin's Purification Station.
  1848 | D:3      | Noticed Ijyb
  1987 | D:3      | Killed Ijyb
  2050 | D:3      | Reached skill level 6 in Fighting
  2441 | D:3      | Reached XP level 6. HP: 36/42 MP: 7/7
  2716 | D:4      | Reached skill level 1 in Polearms
  2728 | D:4      | Noticed Robin
  2764 | D:4      | Killed Robin
  3021 | D:4      | Found a shimmering altar of Xom.
  3219 | D:4      | Reached skill level 7 in Fighting
  3384 | D:4      | Found a shimmering blue altar of Sif Muna.
  3400 | D:4      | Noticed an orc warrior
  3403 | D:4      | Found a bloodstained altar of Trog.
  3412 | D:4      | Killed an orc warrior
  3413 | D:4      | Reached XP level 7. HP: 41/48 MP: 8/8
  3446 | D:4      | Got Sif Muna's Precepts of the Icicle
  3591 | D:4      | Found a snail-covered altar of Cheibriados.
  3910 | D:5      | Entered Level 5 of the Dungeon
  4169 | D:5      | Reached skill level 8 in Fighting
  4192 | D:5      | HP: 1/49 [something/magic dart (9)]
  4696 | D:5      | Reached XP level 8. HP: 24/55 MP: 9/9
  4940 | D:5      | Reached skill level 1 in Ranged Weapons
  4941 | D:5      | Reached skill level 9 in Fighting
  5194 | D:5      | Reached skill level 5 in Long Blades
  5279 | D:5      | Noticed a yak
  5279 | D:5      | Noticed a yak
  5280 | D:5      | Noticed a yak
  5294 | D:5      | Killed a yak
  5297 | D:5      | Killed a yak
  5303 | D:5      | Killed a yak
  5793 | D:6      | Reached XP level 9. HP: 26/61 MP: 10/10
  5982 | D:6      | Identified the +0 robe of Tartarus {SInv}
  6042 | D:6      | Learned a level 2 spell: Call Imp
  6276 | D:6      | Noticed Maggie
  6321 | D:6      | HP: 1/62 [wyvern (11)]
  6322 | D:6      | Mangled by a wyvern

Illustrated notes

Levels and vault maps discovered:
D:1:      minmay_arrival_jagged, layout_loops_corners,
          corexii_item_surrounded_by_moat, kennysheep_boxes
D:2:      layout_loops_cross, chequers_ecumenical_altar_twisty
D:3:      layout_loops_ring, zin_purify, uniq_ijyb
D:4:      layout_basic, mainiacjoe_overflow_surrounded_room,
          nzn_overflow_gifts_of_might_and_magic, dk_xom_monty_hall, uniq_robin
D:5:      layout_loops_ring, nicolae_figureground_pulse
D:6:      layout_basic, mainiacjoe_overflow_alcove_2, serial_corexii_hall,
          corexii_hall_statues_x, chequers_hall_statues_wall_a, uniq_maggie,
          uniq_sigmund

Skill      XL: |  1  2  3  4  5  6  7  8  9 |
---------------+----------------------------+-----
Fighting       | 4 5 6 7 8 9 |  9.7
Polearms       | 2 |  2.2
Long Blades    | 4 6 7 |  7.3
Ranged Weapons | 3 |  3.5
Dodging        | |  3.2
Stealth        | |  2.0
Summonings     | |  0.5

Action                     |  1- 3 |  4- 6 |  7- 9 || total
---------------------------+-------+-------+-------++-------
  Melee: Falchion          |    39 |   131 |       ||   170
         Kick              |     7 |    34 |    45 ||    86
         Peck              |     4 |    28 |    30 ||    62
         Punch             |     1 |     2 |     1 ||     4
         Halberd           |       |    14 |    17 ||    31
         Dagger            |       |     9 |    21 ||    30
         Long sword        |       |       |   102 ||   102
   Fire: Shortbow          |       |       |     5 ||     5
  Throw: Javelin           |       |     2 |    12 ||    14
         Dart              |       |       |     2 ||     2
  Evoke: Wand              |       |     4 |     1 ||     5
    Use: Potion            |       |     2 |     1 ||     3
   Stab: Sleeping          |     2 |     3 |     3 ||     8
         Distracted        |       |     2 |       ||     2
 Armour: Robe              |    10 |    25 |    21 ||    56
  Dodge: Dodged            |    20 |   107 |   102 ||   229

Table legend: (Time is in decaauts)
 A = Elapsed time spent in this place.
 B = Non-inter-level travel time spent in this place.
 C = Inter-level travel time spent in this place.
 D = Time resting spent in this place.
 E = Time spent auto-exploring this place.
 F = Levels seen in this place.
 G = Mean time per level.
                   A        B        C        D        E       F      G
               +--------+--------+--------+--------+--------+-----+--------+
         Total |   6124 |   6041 |     83 |   1977 |   2827 |   6 | 1020.7 |
       Dungeon |   6124 |   6041 |     83 |   1977 |   2827 |   6 | 1020.7 |
               +--------+--------+--------+--------+--------+-----+--------+

Top non-repeatable levels by time:
     D:5: 1423 daAuts
     D:4: 1383 daAuts
     D:2: 1160 daAuts
     D:1: 815 daAuts
     D:3: 808 daAuts
     D:6: 532 daAuts
